Cogmind - Beta 13 @@@ ROGUE MODE // 2024.04.10 @ 23:01:46 Player: xSquared Result: Destroyed by S-27 Virus with Autogun Performance ------------- Evolutions (3) 1500 Regions Visited (4) 800 Robots Destroyed (32) 160 Value Destroyed (1123) 1123 Prototype IDs (1) 20 Alien Tech Used (0) 0 Bonus (-45) -45 TOTAL SCORE: 3558 Bonus ------- Friendly Fire -45 Cogmind --------- Core Integrity 0/700 Matter 354/500 Energy 100/100 System Corruption 2% Temperature Cool (0) Movement Core (200) Ox3 Location -7/Factory Parts ------- > --- POWER (2) -------- (None) > --- PROPULSION (2) --- (None) > --- UTILITY (6) ------ Coolant Injector High-capacity Matter Pod Visual Processing Unit Advanced Targeting Computer Microactuators System Shield > --- WEAPON (3) ------- Assault Cannon > --- INVENTORY (5) ---- Small Matter Pod (0) Advanced ECM Suite Improved EM Shotgun Peak State ------------ > --- POWER ------------ Light Nuclear Core > --- PROPULSION ------- Compact Wheel Compact Wheel > --- UTILITY ---------- Coolant Injector High-capacity Matter Pod Trap Scanner Visual Processing Unit Advanced Targeting Computer Advanced ECM Suite > --- WEAPON ----------- Improved EM Shotgun Heavy Assault Rifle Flak Cannon > --- INVENTORY -------- Small Matter Pod Microactuators [Rating: 30] Favorites ----------- Power Ion Engine Engine Ion Engine Power Core Light Nuclear Core Propulsion Light Treads Treads Light Treads Leg Carbon-fiber Leg Wheel Compact Wheel Utility Visual Processing Unit Device Advanced Weight Redist. System Storage Small Storage Unit Processor Visual Processing Unit Hackware System Shield Weapon Improved Light Cannon Energy Gun Medium Laser Energy Cannon Particle Cannon Ballistic Gun Assault Rifle Ballistic Cannon Improved Light Cannon Launcher Grenade Launcher Build | -11 -10 -9 -8 -7 ------- Run | Yrd Mat Mat Mat Fac Slots Evolved 6 | . . 2 2 2 Power 1 | . . 1 . . Propulsion . | . . . . . Utility 4 | . . 1 1 2 Weapon 1 | . . . 1 . Parts Attached 51 | 6 2 11 10 22 Power 9 | 1 . 3 1 4 Engine 7 | 1 . 3 . 3 Core 2 | . . . 1 1 Reactor . | . . . . . Propulsion 9 | 2 . 4 1 2 Treads 5 | 2 . 3 . . Leg 1 | . . . 1 . Wheel 3 | . . 1 . 2 Hover . | . . . . . Flight . | . . . . . Utility 15 | 1 1 1 4 8 Device 5 | . . . 1 4 Storage 6 | 1 1 . 3 1 Processor 3 | . . 1 . 2 Hackware 1 | . . . . 1 Protection . | . . . . . Artifact . | . . . . . Weapon 18 | 2 1 3 4 8 Energy Gun 5 | . . 1 3 1 Energy Cannon 2 | . . . 1 1 Ballistic Gun 6 | 2 . . . 4 Ballistic Cannon 3 | . . 1 . 2 Launcher 2 | . 1 1 . . Special Weapon . | . . . . . Impact Weapon . | . . . . . Slashing Weapon . | . . . . . Piercing Weapon . | . . . . . Special Melee Weapon . | . . . . . Unidentified Prototypes 1 | . . 1 . . Parts Lost 29 | . . 3 3 23 Power 7 | . . 1 . 6 Propulsion 5 | . . 1 1 3 Utility 5 | . . . . 5 Weapon 12 | . . 1 2 9 Highest Loss Streak 9 | . . 2 1 9 To Critical Strikes . | . . . . . Average Slot Usage (%) 84 | . 95 93 92 67 Engine 11 | . 14 21 10 3 Core 2 | . . . 7 1 Treads 10 | . 28 19 5 . Leg 2 | . . . 6 1 Device 6 | . . . 8 11 Storage 19 | . 23 22 18 15 Processor 9 | . . 10 9 13 Energy Gun 4 | . . 1 10 3 Energy Cannon 2 | . . . 6 2 Ballistic Gun 3 | . 14 1 . 4 Ballistic Cannon 5 | . . 10 6 4 Launcher 4 | . 13 6 3 . Naked Turns . | . . . . . Heaviest Build 35 | 11 17 27 32 35 Greatest Support 40 | 40 40 40 29 32 Greatest Overweight (x) 6 | . . 2 1 6 Average Overweight (x) . | . . . . 2 Largest Inventory Capacity 25 | 8 8 8 25 8 Average Capacity 7 | 7 8 8 8 5 Most Carried 8 | 5 8 8 8 7 Average Carried 5 | 3 6 7 6 3 Final Capacity 8 | 8 8 8 8 5 Final Carried 8 | 4 8 6 7 3 Class Distribution -------------------- 68% | Mutant 29% | Skirmisher Dominant Class ---------------- Mutant | -10/Materials Mutant | -9/Materials Skirmisher | -8/Materials Mutant | -7/Factory Resources | -11 -10 -9 -8 -7 ----------- Run | Yrd Mat Mat Mat Fac Matter Collected 1215 | 191 157 262 110 495 Remotely . | . . . . . Salvage Created 834 | . 163 149 159 363 Parts 52 | . 7 12 13 20 Haulers Intercepted . | . . . . . Recyclers Shooed . | . . . . . Parts Field Recycled . | . . . . . Retrieved Matter . | . . . . . Parts Self-Destructed . | . . . . . Prevented . | . . . . . Kills | -11 -10 -9 -8 -7 ------- Run | Yrd Mat Mat Mat Fac Combat Hostiles Destroyed 27 | . 5 7 5 10 Melee 1 | . . . . 1 Guns 6 | . 2 1 . 3 Cannons 13 | . . 4 4 5 AOE 7 | . 3 2 1 1 Classes Destroyed 7 | . 1 4 1 1 Worker 2 | . . . . 2 Watcher 3 | . . 2 . 1 Swarmer 7 | . . 3 . 4 Grunt 13 | . 5 1 2 5 Brawler 1 | . . . 1 . Duelist 1 | . . 1 . . Sentry 5 | . . 2 2 1 Best Kill Streak 5 | . 5 4 2 3 Combat Bots Only 5 | . 5 3 2 3 Max Kills in Single Turn 3 | . 3 2 1 1 Gunslinging . | . . . . . Exploded 3 | . 3 2 1 1 Melee 1 | . . . . 1 Uniques/NPCs Destroyed . | . . . . . Combat | -11 -10 -9 -8 -7 -------- Run | Yrd Mat Mat Mat Fac Hostile Shots Fired 297 | . 15 42 41 199 Missed 68 | . 1 11 7 49 Damage Taken 3663 | . 210 551 476 2426 Core 883 | . 17 102 54 710 Absorbed by Shields . | . . . . . Regen/Repaired (Parts) 108 | . . 108 . . Core Remaining (%) 89 | 100 93 74 90 . Volleys Fired 118 | . 16 36 16 50 Largest 3 | . 2 2 3 3 Hottest 193 | . 50 84 174 193 Shots Fired 182 | . 17 41 32 92 Gun 73 | . 16 3 8 46 Cannon 102 | . . 36 20 46 Launcher 7 | . 1 2 4 . Special . | . . . . . Kinetic 136 | . 16 36 14 70 Thermal 27 | . . . 10 17 Explosive 7 | . 1 2 4 . Electromagnetic 12 | . . 3 4 5 Robot Hit Streak 14 | . 9 7 6 14 Robot Miss Streak 8 | . 2 4 7 8 Penetration Max . | . . . . . Secondary Targets . | . . . . . Shots Hit Robots 117 | . 12 24 18 63 Core Hits 77 | . 8 13 10 46 Critical Kills . | . . . . . Critical Parts Destroyed . | . . . . . Critical Strikes 2 | . . . 1 1 Burn 1 | . . . 1 . Blast 1 | . . . . 1 Melee Attacks . | . . . . . Impact . | . . . . . Slashing . | . . . . . Piercing . | . . . . . Sneak Attacks . | . . . . . Combat Hostiles . | . . . . . Follow-up Attacks . | . . . . . Damage Inflicted 2900 | . 293 643 697 1267 Guns 731 | . 163 36 72 460 Cannons 1419 | . . 436 250 733 Explosions 714 | . 130 171 361 52 Melee . | . . . . . Ramming 36 | . . . 14 22 Kinetic 1685 | . 163 436 167 919 Thermal 399 | . . . 148 251 Explosive 623 | . 130 171 322 . Electromagnetic 157 | . . 36 46 75 Impact . | . . . . . Slashing . | . . . . . Piercing . | . . . . . Highest Corruption 2 | . . . . 2 Average Corruption 2 | . . . . 2 Corruption Purged . | . . . . . Corruption Blocked . | . . . . . Effects 10 | . . . . 10 Message Errors 2 | . . . . 2 Matter Fused 1 | . . . . 1 Heat Flow Errors 4 | . . . . 4 Energy Discharges 2 | . . . . 2 Data Loss (major) 1 | . . . . 1 Overload Shots . | . . . . . Overflow Damage 55 | . . 11 44 . Projectiles 55 | . . 11 44 . Explosions . | . . . . . Melee . | . . . . . Knockbacks 16 | . . 4 2 10 Impact . | . . . . . Kinetic 16 | . . 4 2 10 Secondary . | . . . . . Self-Inflicted Damage 263 | . . 86 38 139 Shots 7 | . . 2 3 2 Rammed 9 | . . 1 . 8 Targets Rammed 19 | . . 1 3 15 Kicked 10 | . . . 3 7 Crushed . | . . . . . Highest Temperature 329 | . 6 74 329 270 Average Temperature 90 | . 4 20 140 110 Received Heat Transfer 924 | . 114 150 297 363 Effects 3 | . . . 3 . Energy Bleed 2 | . . . 2 . Interference 1 | . . . 1 . Siege Activations . | . . . . . Robots Corrupted . | . . . . . Combat Hostiles . | . . . . . Parts Fried . | . . . . . Impact Corruptions . | . . . . . Robots Melted . | . . . . . Combat Hostiles . | . . . . . Parts Melted . | . . . . . Heat Transferred 890 | . . . 346 544 Parts Sabotaged . | . . . . . Parts Stolen . | . . . . . Parts Stripped . | . . . . . Power Chain Reactions . | . . . . . Alert | -11 -10 -9 -8 -7 ------- Run | Yrd Mat Mat Mat Fac Peak Influence 221 | . 166 126 221 136 Initial 48 | . . . 48 13 Average 54 | . 25 57 88 47 Maximum Alert Level 1 | . . . 1 . Low Security (%) 96 | 100 100 100 85 100 Level 1 3 | . . . 14 . Level 2 . | . . . . . Level 3 . | . . . . . Level 4 . | . . . . . Level 5 . | . . . . . High Security . | . . . . . Max Security . | . . . . . Squads Dispatched 5 | . 1 . . 4 Investigation 1 | . . . . 1 Extermination 1 | . . . . 1 Reinforcement 3 | . 1 . . 2 Assault . | . . . . . Garrison . | . . . . . Intercept . | . . . . . Searches Triggered . | . . . . . Construction Impeded 1 | . . . . 1 Haulers Reinforced 1 | . . . . 1 Active Scanning Responses . | . . . . . Cargo Convoy Interrupts . | . . . . . Stealth | -11 -10 -9 -8 -7 --------- Run | Yrd Mat Mat Mat Fac Distress Signals 4 | . . 1 2 1 Communications Jammed . | . . . . . Distress Signals . | . . . . . Times Spotted 61 | . 11 15 14 21 Peak Tracking Total 6 | . 5 4 5 6 Tactical Retreats 3 | . . . 2 1 Traps | -11 -10 -9 -8 -7 ------- Run | Yrd Mat Mat Mat Fac Traps Triggered . | . . . . . Indirectly . | . . . . . Trap Hack Attempts . | . . . . . Triggered . | . . . . . Disarmed . | . . . . . Reprogrammed . | . . . . . Reused . | . . . . . Traps Extracted . | . . . . . Installed . | . . . . . Triggered . | . . . . . Machines | -11 -10 -9 -8 -7 ---------- Run | Yrd Mat Mat Mat Fac Machines Disabled 5 | . . . 2 3 Max in Single Turn 3 | . . . 2 3 Machines Repaired . | . . . . . Machines Dismantled . | . . . . . Machines Sabotaged . | . . . . . Overloaded Fab Kills . | . . . . . Hacking | -11 -10 -9 -8 -7 --------- Run | Yrd Mat Mat Mat Fac Machines Accessed 10 | . 2 2 4 2 Terminals 8 | . 2 1 3 2 Fabricators . | . . . . . Repair Stations 2 | . . 1 1 . Recycling Units . | . . . . . Scanalyzers . | . . . . . Garrison Access . | . . . . . Total Hacks 28 | . 6 7 12 3 Successful 14 | . 4 5 4 1 Failed 14 | . 2 2 8 2 Catastrophic 2 | . . 1 . 1 Database Lockouts . | . . . . . Manual . | . . . . . Terminals 20 | . 6 3 8 3 Fabricators . | . . . . . Repair Stations 8 | . . 4 4 . Recycling Units . | . . . . . Scanalyzers . | . . . . . Garrison Access . | . . . . . Terminal Hacks 9 | . 4 2 2 1 Open DSF 1 | . . . . 1 Branch Access Points 1 | . . 1 . . Emergency Access Points 1 | . 1 . . . Alert Level 1 | . . 1 . . Locate Traps 1 | . 1 . . . Dispatch Records 2 | . 1 . 1 . Recall Investigation 1 | . . . 1 . Zone Layout 1 | . 1 . . . Fabricator Hacks . | . . . . . Repair Station Hacks 5 | . . 3 2 . Scan Component 3 | . . 1 2 . Repair 1 | . . 1 . . Refit 1 | . . 1 . . Recycling Unit Hacks . | . . . . . Scanalyzer . | . . . . . Garrison Access Hacks . | . . . . . Unauthorized Hacks . | . . . . . Terminals . | . . . . . Fabricators . | . . . . . Repair Stations . | . . . . . Recycling Units . | . . . . . Scanalyzers . | . . . . . Garrison Access . | . . . . . Data Cores Recovered . | . . . . . Used . | . . . . . Hacking Detections 8 | . 2 1 3 2 Full Trace Events 3 | . . 1 1 1 Feedback Events . | . . . . . Feedback Blocked . | . . . . . Robot Schematics Acquired . | . . . . . Robots Built . | . . . . . Authchips . | . . . . . Time . | . . . . . Total Robot Build Rating . | . . . . . Part Schematics Acquired . | . . . . . Parts Built . | . . . . . Authchips . | . . . . . Time . | . . . . . Total Part Build Rating . | . . . . . Parts Repaired 1 | . . 1 . . Time 26 | . . 26 . . Parts Recycled . | . . . . . Recycled Matter . | . . . . . Retrieved Matter . | . . . . . Retrieved Components . | . . . . . Parts Scanalyzed . | . . . . . Part Schematics Acquired . | . . . . . Parts Damaged . | . . . . . Bothacking | -11 -10 -9 -8 -7 ------------ Run | Yrd Mat Mat Mat Fac Used RIF Installer . | . . . . . Robots Hacked . | . . . . . Non-combat . | . . . . . Combat . | . . . . . Robot Hacks Applied . | . . . . . Relay Couplers Released . | . . . . . Fabnet Peak Effective % . | . . . . . Robots Rewired . | . . . . . Allies Hacked . | . . . . . Hacks Repelled . | . . . . . Allies | -11 -10 -9 -8 -7 -------- Run | Yrd Mat Mat Mat Fac Total Allies . | . . . . . Largest Group . | . . . . . Highest-Rated Group . | . . . . . Highest-Rated Ally . | . . . . . Total Orders . | . . . . . Ally Attacks . | . . . . . Total Damage . | . . . . . Kills . | . . . . . Allies Corrupted . | . . . . . Allies Melted . | . . . . . Intel | -11 -10 -9 -8 -7 ------- Run | Yrd Mat Mat Mat Fac Robot Analysis Total . | . . . . . Derelict Logs Recovered . | . . . . . Drone Launches . | . . . . . Drone Recoveries . | . . . . . Exploration | -11 -10 -9 -8 -7 ------------- Run | Yrd Mat Mat Mat Fac Turns Passed 3631 | 154 439 986 848 1204 Spaces Moved 1824 | 105 250 520 431 518 Core 197 | 26 . . . 171 Treads 972 | 79 250 496 147 . Legs 427 | . . . 284 143 Wheels 228 | . . 24 . 204 Hover . | . . . . . Flight . | . . . . . Fastest Speed 50 | 50 160 110 120 100 Average Speed 175 | 132 160 169 180 192 Slowest Speed 350 | 160 160 240 240 350 Overloaded Moves . | . . . . . Propulsion Burnouts . | . . . . . Robots Hopped . | . . . . . Cave-ins Triggered . | . . . . . Exploration Rate (%) 24 | 5 41 35 26 13 Regions Visited 4 Branch Regions . Pre-discovered Areas . | . . . . . Known Exits Taken . | . . . . . Unknown Exits Taken 4 | 1 1 1 1 . Scrap Searched . | . . . . . Spaces Dug 14 | . . 14 . . Terrain Destroyed 135 | . 12 28 65 30 Melee . | . . . . . Projectile 3 | . . 2 1 . AOE 132 | . 12 26 64 30 Terrain Rammed . | . . . . . Walls Destroyed . | . . . . . Machines Disabled . | . . . . . Actions | -11 -10 -9 -8 -7 --------- Run | Yrd Mat Mat Mat Fac Total 2071 | 120 273 586 469 623 Wait . | . . . . . Move 1820 | 104 249 519 430 518 Hop . | . . . . . Pick Up 50 | 10 5 11 8 16 Fast Attach . | . . . . . Attach 42 | 6 2 7 5 22 Detach 3 | . 1 . . 2 Swap 9 | . . 4 5 . Drop 10 | . . 8 2 . Fire 118 | . 16 36 16 50 Melee . | . . . . . Ram 8 | . . . . 8 Kick 10 | . . . 3 7 Crush 1 | . . 1 . . Escape Stasis . | . . . . . Rewire . | . . . . . Trap . | . . . . . Miscellaneous . | . . . . . Route ------- -11/Scrapyard -10/Materials (discovered 2 exits: *Mat / [*Min]) -9/Materials (discovered 3 exits: *Mat / Min / Sto) -8/Materials -7/Factory History --------- Turn | Location | Event 13 | -11/Scrapyard | Discovered new exit (range 15) 155 | -11/Scrapyard | Entered Materials 276 | -10/Materials | Discovered new exit (range 7) 319 | -10/Materials | Build established: Mutant 540 | -10/Materials | Discovered new exit (range 16) 594 | -10/Materials | Entered another Materials area 594 | -9/Materials | Evolved 2 slots: Power x1, Utility x1 701 | -9/Materials | Identified exit to Mines 701 | -9/Materials | Identified exit to Storage 783 | -9/Materials | Repaired Lgt. Treads 1512 | -9/Materials | Discovered new exit (range 18) 1580 | -9/Materials | Entered another Materials area 1580 | -8/Materials | Evolved 2 slots: Utility x1, Weapon x1 1886 | -8/Materials | Build established: Skirmisher 2312 | -8/Materials | Discovered new exit (range 17) 2428 | -8/Materials | Entered Factory 2428 | -7/Factory | Evolved 2 slots: Utility x2 2642 | -7/Factory | Lost 3 parts (2p1w) 2791 | -7/Factory | Lost 9 parts (2p1n2u4w) 2917 | -7/Factory | Lost 3 parts (1p2w) 3022 | -7/Factory | Build established: Mutant 3364 | -7/Factory | Core integrity fell below 50% 3591 | -7/Factory | Core integrity fell below 20% 3632 | -7/Factory | Destroyed by S-27 Virus with Autogun Last Messages --------------- corridor. C-30 ARC bursts open, deploying its payload. L-41 Fighter unfolds itself. G-47 Trooper unfolds itself. K-01 Serf collects debris. Hvy. Assault Rifle destroyed. Critical hit (Burn: +37). Flak Cannon destroyed. L-41 Fighter Carbon-fiber Leg blasted off. Com. Wheel destroyed. K-01 Serf cleans the Subcomponent Replicator. R-06 Scavenger collects Carbon-fiber Leg. Lgt. Nuclear Core destroyed. K-01 Serf cleans the Subcomponent Replicator. 0NINZQZ JCJEEQVFC0NVPXY8|B=B/0 K-01 Serf cleans the Subcomponent Replicator. Trap Scanner destroyed. Acquired System Shield. Com. Wheel destroyed. Map ----- +----------------------------------------------------+ | # # #??????????????????????? | | " # #??????????????????????? | | " # #??????????????????????? | | " ##+###########??????????????????????? | | "% ## #????????????????????????????????? | | " T# #????????????????????????????????? | | " # #????????????????????????????????? | | " ###########?????????????????????????? | | ######## # #?????????????????????????? | | # """" #?????????????????????????? | | # """" #?????????????????????????? | | # """" #?????????????????????????? | | / """" #?????????????????????????? | | # """" #?????????????????????????? | | ######## # """" #?????????????????????????? | | #?# # #?????????????????????????? | | #?# ###########?????????????????????????? | | #?# ##############??????????????????????? | | #?# # #??????????????????????? | | #?# # * #??????????????????????? | | #?# # #??????????????????????? | | #?# # ] #??????????????????????? | | #?# # """ #??????????????????????? | | #?# # """"" #??????????????????????? | | #?# # """"" ####### #?????????? | | #?# #r kls tk@/ u #?????????? | | #?# u k g"""g s # #?????????? | | ######?# # """"" #?? r #?????????? | | ???????# # """"" #???? #?????????? | | ######## = # s #?????? #?????????? | | ##############???????? #?????????? | | % #??????????????????????? ????????? | | % #????????????????????????? ????????? | | #???????????????????????????????????? | | % #???????????????????????????????????? | | ##+###########???????????????????????????????????? | | #????????????????????????????????????? | | #????????????????????????????????????? | | """ """ #????????????????????????????????????? | | """ """ #????????????????????????????????????? | | """ """ #????????????????????????????????????? | | #????????????????????????????????????? | | "" """ #????????????????????????????????????? | | """ """ ?????????????????????????????????????? | | "R """ ?????????????????????????????????????? | | """ ??????????????????????????????????????? | | """ ?????????????????????????????????????? | | ?????????????????????????????????????? | | #############????????????????????????????????????? | | ?????????????????????????????????????????????????? | +----------------------------------------------------+ Best States ------------- Heat Dissipation 34 Coolant Potential 65 Energy Generation 19 Energy Capacity 400 Matter Stores 590 Matter Capacity 600 Sight Range 18 Terrain Scan Density 10 ECM Strength 2 Additional Mass Support 9 Melee Speed Boost 20 Evasion (%) 50 Targeting Accuracy 8 Recoil Reduction 2 Defensive Hacking 10 Item Schematics ----------------- None Robot Schematics ------------------ None Fabricated ------------ Nothing Alien Tech Used ----------------- None Achievements -------------- Crack Shot Fist Fight Made in Tau Ceti IV Risk Taker Storm Trooper Challenges ------------ None Game ------ Seed AerolevServoProtection Manual? 0 Play Time 00:41:52 Cumulative 1.3 hours Start 2024.04.10 @ 21:29:56 End 2024.04.10 @ 23:01:46 Sessions 3 Manual Loads 0 Difficulty Rogue Special Mode None Game No. 4 Rogue 4 Adventurer 0 Explorer 0 Win Type - Total 0 Types 0/0/0/0/0/0/0/0/0 Lore% 1 Gallery% 5 Achievement% 4 Wizard Run 0 Options --------- Layout 1 ASCII 0 Keyboard 0 Movement Arrows Keybinds 0 Fullscreen 1 Font 24/Smallcaps Map View 50x35 Zoom Use 0% Tactical HUD 0 Map Filters NONE Filters NONE Steam 1 RUN: c120b489-463d-4911-bbae-25c898453fe0